Map: Abyssal Reef LE

Players

RaniZ - Winner!

  • Race: Protoss Protoss
  • Spawn Location: 11:00

Erfeyah

  • Race: Protoss Protoss
  • Spawn Location: 5:00

VOD

Have the link to the VOD?

Description

Time

  • Played on: Nov. 21, 2017, 4:53 p.m.
  • Length: 15:16
Show
View Real Time Build Order
Export as new Build Order

RaniZ Protoss - Winner!

Build Orders:  

Get SALT Encoding   

  12  0:02  Probe  
  13  0:14  Probe  
  13  0:19  Pylon  
  14  0:26  Probe  
  15  0:38  Probe  
  15  0:41  Gateway  
  16  0:51  Probe  
  17  0:58  Assimilator  
  17  1:00  Assimilator  
  17  1:03  Probe  
  18  1:12  Pylon  
  18  1:15  Probe  
  19  1:27  Probe  
  20  1:34  Cybernetics Core, Zealot (Chrono Boost)  
  20  1:39  Probe  
  23  2:11  Warp Gate (Chrono Boost)  
  23  2:14  Stalker  
  25  2:25  Robotics Facility  
  25  2:39  Pylon  
  25  2:44  Stalker (Chrono Boost)  
  27  3:04  Stalker  
  29  3:10  Nexus  
  29  3:24  Immortal  
  33  3:34  Stalker  
  35  3:42  Pylon  
  35  4:02  Forge  
  35  4:04  Immortal  
  39  4:16  Gateway  
  39  4:23  Probe (Chrono Boost)  
  41  4:35  Probe (Chrono Boost)  
  41  4:37  Probe  
  42  4:40  Pylon  
  42  4:45  Assimilator  
  42  4:46  Assimilator  
  42  4:56  Stalker  
  44  5:05  Probe  
  45  5:17  Probe  
  45  5:20  Protoss Ground Weapons Level 1 (Chrono Boost)  
  46  5:23  Gateway  
  46  5:29  Probe (Chrono Boost)  
  46  5:35  Stalker  
  49  5:41  Probe (Chrono Boost)  
  50  5:43  Probe  
  51  5:55  Probe  
  52  5:57  Twilight Council  
  52  5:58  Stalker x2  
  56  6:07  Probe  
  57  6:15  Immortal  
  61  6:25  Probe (Chrono Boost)  
  61  6:32  Pylon  
  62  6:38  Probe (Chrono Boost)  
  64  6:47  Probe (Chrono Boost)  
  64  6:49  Templar Archives  
  64  6:52  Probe  
  64  6:53  Gateway  
  65  6:56  Gateway  
  65  6:59  Gateway  
  65  7:04  Probe  
  65  7:08  Stalker x2  
  68  7:13  Stalker  
  72  7:32  Probe (Chrono Boost)  
  73  7:41  Pylon  
  73  7:42  Pylon  
  74  7:44  Probe (Chrono Boost)  
  74  7:45  Pylon  
  74  7:46  Probe  
  75  7:58  Probe  
  75  7:59  Immortal  
  80  8:09  High Templar x2  
  80  8:10  High Templar x3  
  80  8:11  Probe, High Templar  
  93  8:21  Archon  
  93  8:22  Archon  
  93  8:23  Archon  
  93  8:34  Stargate  
  93  8:46  High Templar x3  
  99  8:51  High Templar  
  101  8:58  Archon  
  101  9:04  Pylon, Archon  
  101  9:20  Nexus  
  101  9:22  Phoenix  
  103  9:29  Pylon  
  103  9:32  Pylon  
  103  9:36  Pylon  
  103  9:40  Assimilator  
  103  9:44  Assimilator  
  103  9:47  Phoenix (Chrono Boost), Pylon  
  103  9:50  Stalker  
  103  9:51  Stalker x3  
  103  9:52  Stalker x2  
  117  10:11  Phoenix (Chrono Boost)  
  119  10:16  Stalker x3  
  119  10:17  Stalker  
  127  10:27  Phoenix  
  129  10:33  Probe (Chrono Boost)  
  131  10:44  Probe (Chrono Boost)  
  131  10:47  Probe  
  132  10:52  Protoss Ground Weapons Level 2 (Chrono Boost)  
  132  10:59  Probe  
  133  11:10  High Templar  
  133  11:11  High Templar x2, Probe  
  138  11:16  High Templar  
  142  11:23  Probe, Archon  
  143  11:28  Archon  
  143  11:32  Zealot x2  
  147  11:37  Phoenix  
  147  11:39  Immortal (Chrono Boost)  
  153  11:59  Probe (Chrono Boost)  
  155  12:05  Pylon  
  155  12:06  Probe (Chrono Boost)  
  155  12:08  Pylon  
  156  12:10  Probe (Chrono Boost), Pylon  
  156  12:13  Probe  
  156  12:14  Pylon  
  157  12:15  Pylon  
  157  12:25  Probe  
  157  12:27  Warp Prism (Chrono Boost)  
  160  12:36  High Templar  
  162  12:37  High Templar x3, Probe  
  162  12:39  Zealot  
  162  12:40  Zealot  
  173  12:49  Archon  
  173  12:50  Archon  
  173  12:53  Immortal  
  177  13:23  Immortal  
  177  13:25  Stalker x2  
  177  13:26  Stalker x2  
  185  13:27  Stalker  
  185  13:28  Stalker  
  189  13:36  Stalker x2  
  193  13:42  Phoenix (Chrono Boost)  
  195  13:57  Phoenix  
  197  14:22  Phoenix  
  171  14:47  Phoenix  
  171  14:50  Stalker x2  
  171  14:51  Stalker x2  
  171  14:52  Stalker x2  
  187  15:14  Stalker  
  187  15:15  Stalker x4  
Show
View Real Time Build Order
Export as new Build Order

Erfeyah Protoss 

Build Orders:  

Get SALT Encoding   

  12  0:04  Probe (Chrono Boost)  
  14  0:16  Probe (Chrono Boost)  
  14  0:28  Pylon  
  14  0:53  Gateway  
  14  1:05  Assimilator  
  14  1:09  Probe (Chrono Boost)  
  16  1:21  Probe (Chrono Boost)  
  16  1:35  Pylon  
  16  1:46  Cybernetics Core  
  16  3:35  Probe (Chrono Boost)  
  17  3:47  Probe (Chrono Boost)  
  18  3:51  Gateway  
  18  3:54  Gateway  
  18  4:02  Assimilator  
  18  4:11  Pylon  
  18  4:19  Pylon  
  18  4:30  Nexus  
  18  4:55  Probe (Chrono Boost)  
  19  5:04  Stalker x3  
  26  5:07  Probe (Chrono Boost)  
  26  5:09  Probe  
  26  5:11  Warp Gate (Chrono Boost)  
  27  5:33  Pylon, Stalker  
  27  5:34  Stalker x2  
  27  5:35  Pylon  
  33  5:57  Gateway  
  33  6:00  Gateway  
  33  6:02  Gateway  
  33  6:03  Stalker  
  33  6:04  Stalker x2  
  39  6:13  Probe (Chrono Boost)  
  41  6:25  Probe (Chrono Boost)  
  41  6:28  Probe  
  42  6:40  Probe  
  43  6:52  Probe  
  44  6:55  Stargate  
  44  7:18  Stalker x2  
  48  7:55  Assimilator  
  48  7:57  Probe  
  49  8:06  Zealot x2  
  49  8:07  Zealot x3  
  49  8:10  Probe  
  60  8:22  Probe  
  61  8:32  Fleet Beacon  
  61  8:53  Pylon  
  61  8:54  Probe  
  62  8:58  Pylon  
  62  9:00  Pylon  
  62  9:06  Probe  
  62  9:07  Pylon  
  63  9:18  Probe  
  64  9:28  Mothership (Chrono Boost)  
  72  9:48  Stalker x2  
  76  10:08  Assimilator  
  76  10:12  Zealot  
  76  10:13  Zealot x2  
  82  10:14  Zealot x3  
  88  10:45  Pylon  
  88  10:46  Pylon  
  88  10:49  Pylon  
  88  10:51  Pylon  
  88  10:54  Pylon  
  88  11:11  Gateway  
  88  11:13  Gateway  
  88  11:14  Gateway  
  88  11:17  Gateway  
  88  11:20  Gateway  
  88  11:24  Gateway  
  88  11:28  Gateway  
  88  11:30  Stalker  
  88  11:31  Stalker x3  
  88  11:32  Gateway  
  96  11:34  Stalker  
  98  12:59  Stalker x2  
  98  13:01  Stalker  
  104  13:10  Zealot x3  
  108  13:56  Adept  
  32  14:38  Stalker  
  32  14:39  Stalker x2  
  32  14:40  Stalker  
  32  14:44  Stalker  
  34  14:47  Stalker  
Tags
 
Matchup
PvP
Spawn Locations
Cross Positions
Add a new tag
Caveats
  • Supply blocks, unpowered buildings, or Contaminate may cause inaccurate times.
  • Supply counts are checked every 10 seconds.